 Dungeon Crawl Stone Soup version 0.31-a0-841-g038b102fc3 (webtiles) character file.

Game seed: 9787216868121003200

15391 redmage the Thaumaturge (level 12, -6/66 HPs)
             Began as an Octopode Earth Elementalist on Sept 28, 2023.
             Was a Priest of Kikubaaqudgha.
             Killed from afar by a lava snake (13 damage)
             ... with a glob of lava
             ... in a volcano.
             The game lasted 01:18:45 (12932 turns).

redmage the Thaumaturge (OpEE)                     Turns: 12932, Time: 01:18:47

Health: -6/66      AC:  1    Str:  8    XL:     12   Next: 26%
Magic:  36/36      EV: 13    Int: 25    God:    Kikubaaqudgha [***...]
Gold:   176        SH:  0    Dex: 15    Spells: 7/33 levels left

rFire   + + .        b - +0 dagger (elec)
rCold   . . .        (no shield)
rNeg    . . .        (helmet restricted)
rPois   .            N - amulet of magic regeneration
rElec   .            l - ring of protection from fire
rCorr   .            n - +6 ring of intelligence
SInv    .            o - ring of wizardry
Will    .....        x - ring of protection from fire
Stlth   ++++         z - ring of magical power
HPRegen 0.31/turn    (no ring)
MPRegen 0.65/turn    (no ring)
                     (no ring)

%: wizardry (x1)
@: studying Maces & Flails
A: almost no armour, amphibious, 8 rings, camouflage 1, gelatinous body 1,
(nimble swimmer 1), tentacles
a: Renounce Religion, Unearth Wretches


You were in a volcano.
You worshipped Kikubaaqudgha.
Kikubaaqudgha was most pleased with you.
You visited 4 branches of the dungeon, and saw 15 of its levels.
You also visited: Volcano.

You collected 713 gold pieces.
You spent 537 gold pieces at shops.

Inventory:

Hand Weapons
 b - a +0 dagger of electrocution (weapon)
 q - the +7 sling "Bezec" {freeze, rF+++ Str-5 Dex+5}
   (You found it on level 3 of the Dungeon)

   Str-5:     It affects your strength (-5).
   Dex+5:     It affects your dexterity (+5).
   rF+++:     It renders you almost immune to fire.
Missiles
 c - 4 boomerangs (quivered)
 y - 5 curare-tipped darts
 A - 21 poisoned darts
 E - 2 throwing nets
Magical Staves
 a - the staff of True Grit {rElec rN+ MP+9 Str+3 Dex+3 Necro}
   (You found it on level 10 of the Dungeon)

   [staff of death]

   Base accuracy: +5 Base damage: 5 Base attack delay: 1.2 This weapon's minimum
   attack delay (0.6) is reached at skill level 12.
   Str+3:     It affects your strength (+3).
   Dex+3:     It affects your dexterity (+3).
   rElec:     It insulates you from electricity.
   rN+:       It protects you from negative energy.
   MP+9:      It affects your magic capacity (+9).
   Necro:     It increases the power of your Necromancy spells.
   It falls into the 'Staves' category.
   It is a one-tentacled weapon.
 u - a staff of cold
Jewellery
 k - an amulet of regeneration
 l - a ring of protection from fire (left tentacle)
 n - a +6 ring of intelligence (right tentacle)
 o - a ring of wizardry (on tentacle)
 x - a ring of protection from fire (on tentacle)
 z - a ring of magical power (on tentacle)
 N - an amulet of magic regeneration (around mantle)
Wands
 m - a wand of mindburst (27)
 v - a wand of roots (3)
 w - a wand of flame (27)
 B - a wand of paralysis (14)
 H - a wand of polymorph (2)
Scrolls
 g - 4 scrolls of teleportation
 h - 4 scrolls of blinking
 j - 2 scrolls of vulnerability
 J - a scroll of fog
 M - 3 scrolls of immolation {unknown}
Potions
 d - 4 potions of might
 e - 5 potions of brilliance
 f - 3 potions of resistance
 i - a potion of heal wounds
 p - 2 potions of curing
 r - 2 potions of cancellation {unknown}
 s - 2 potions of enlightenment
 t - 5 potions of mutation
 C - a potion of attraction {unknown}
 F - a potion of degeneration {unknown}
 G - a potion of ambrosia {unknown}
 I - a potion of magic
 L - a potion of haste
Miscellaneous
 K - a lightning rod (4/4)


   Skills:
 - Level 2.0 Short Blades
 - Level 2.0 Dodging
 - Level 4.0 Stealth
 + Level 11.4 Spellcasting
 - Level 4.0 Conjurations
 + Level 10.7 Necromancy
 - Level 4.0 Translocations
 - Level 4.0 Transmutations
 * Level 1.9 Ice Magic
 * Level 1.9 Air Magic
 - Level 8.0 Earth Magic


You had 7 spell levels left.
You knew the following spells:

 Your Spells              Type           Power      Damage    Failure   Level
a - Sandblast             Erth           100%       2d20      1%          1
b - Passwall              Tmut/Erth      36%        N/A       1%          2
c - Stone Arrow           Conj/Erth      88%        3d12      1%          3
d - Petrify               Tmut/Erth      44%        N/A       1%          4
e - Freezing Cloud        Conj/Ice/Air   13%        6-21      16%         5
f - Animate Dead          Necr           62%        N/A       1%          4
g - Death Channel         Necr           31%        N/A       3%          6
q - Apportation           Tloc           68%        N/A       1%          1

Your spell library contained the following spells:

 Spells                   Type           Power      Damage    Failure   Level
 Kiss of Death            Conj/Necr      100%       2d13      1%          1
 Necrotise                Necr           100%       1d9       1%          1
 Cigotuvi's Dreadful Rot  Necr/Pois/Air  70%        N/A       1%          2
 Sublimation of Blood     Necr           62%        N/A       1%          2
 Anguish                  Hex/Necr       20%        N/A       1%          4
 Brom's Barrelling Bould  Conj/Erth      44%        2d6       1%          4
 Agony                    Necr           62%        N/A       1%          5
 Jinxbite                 Hex            28%        N/A       2%          2
 Ignite Poison            Fire/Tmut/Pois 20%        N/A       3%          3
 Inner Flame              Hex/Fire       14%        N/A       5%          3
 Vhi's Electric Charge    Tloc/Air       58%        N/A       5%          4
 Flame Wave               Conj/Fire      24%        2d8       8%          4
 Sticky Flame             Conj/Fire      24%        2d5       8%          4
 Arcjolt                  Conj/Air       14%        1d24      14%         5
 Simulacrum               Ice/Necr       23%        N/A       19%         6
 Alistair's Intoxication  Tmut/Pois      16%        N/A       21%         5
 Yara's Violent Unravell  Hex/Tmut       12%        3d7       21%         5
 Plasma Beam              Fire/Air       9%         2x1d20    85%         6


Dungeon Overview and Level Annotations

Branches:
Dungeon (11/15)            Temple (1/1) D:5            Lair (2/5) D:8
 Shoals (0/4) Lair:2          Orc (1/2) D:10        Volcano (1/1)
  Snake: Lair:2-3    Spider: Lair:2-3

Altars:
Ashenzari
Cheibriados
Dithmenos
Elyvilon
Fedhas
Gozag
Hepliaklqana
Kikubaaqudgha
Makhleb
Nemelex Xobeh
Okawaru
Qazlal
Ru
Sif Muna
Trog
Uskayaw
Vehumet
Wu Jian
Xom
Yredelemnul
Zin
The Shining One

Shops:
D:1 :   D:5 [   D:7 :   D:10 *

Annotations:
D:6 2 runed translucent doors, superbruh's ghost, novice MfSh
D:10 exclusion: obsidian statue, Amaemon


Innate Abilities, Weirdness & Mutations

You cannot wear most types of armour.
You are amphibious.
You can wear up to eight rings at the same time.
Your skin changes colour to match your surroundings (Stealth+).
Your rubbery body absorbs attacks. (AC +1, EV +1)
((You are camouflaged when in or above water. (Stealth+)))
You have tentacles for arms and can constrict up to eight enemies at once.


Message History

The lava snake hisses angrily.
The fire bat bites you.
You are engulfed in flames.
You resist. The fire bat bites you.
You are engulfed in flames.
You resist. The lava snake spits lava at you. The glob of lava hits you!
You partially resist.
A fire bat comes into view.
The lava snake misses you. The fire bat misses you. The fire bat bites you.
You are engulfed in flames.
You resist. The lava snake bites you.
You are engulfed in flames.
You resist. The lava snake closely misses you.
The air gets thick with the scent of sulphur.
The fire bat bites you.
You are engulfed in flames.
You resist.
The lava snake attacks as it pursues you!
The lava snake bites you.
You are engulfed in flames.
You resist. The fire bat bites you.
You are engulfed in flames.
You resist.
The lava snake bites you but does no damage.
The lava snake spits lava at you. The glob of lava misses you.
The lava snake attacks as it pursues you!
The lava snake closely misses you. The fire bat closely misses you.
The fire bat bites you.
You are engulfed in flames.
You resist.
* * * LOW HITPOINT WARNING * * *
You feel much better.
The volcano roars to life, belching forth lava!
You are engulfed in blazing flames.
You resist. The fire bat completely misses you. The fire bat bites you.
You are engulfed in flames.
You resist. The lava snake barely misses you.
You are engulfed in blazing flames.
You resist. The fire bat bites you.
* * * LOW HITPOINT WARNING * * *
You are engulfed in flames.
You resist.
* * * LOW HITPOINT WARNING * * *
The fire bat attacks as it pursues you! The fire bat barely misses you.
The fire bat bites you.
* * * LOW HITPOINT WARNING * * *
You are engulfed in flames.
You resist.
* * * LOW HITPOINT WARNING * * *
The lava snake spits lava at you. The glob of lava hits you!
You partially resist.
You die...
Kikubaaqudgha rasps: "You have failed me!
Welcome... death!"

,,+,,,,,+,,,,#○○≈≈≈≈§§≈○○≈§§≈≈≈..
,,*,8_8,*,,∩,#☼○○≈§≈≈≈○°≈≈≈≈≈§≈..
,,*,,,,,*,,,,#°○°≈≈≈≈○☼≈≈≈≈.§....
++***+***++###°§○≈≈≈≈○≈○°..≈≈≈...
,,,,*,*,,,,..#○°○§○≈≈°≈..≈≈§≈....
***,*,*,*****#.≈○○S○○°°≈≈≈≈≈≈§§..
,,*,*,*,*,,,,#○○○○○○○≈°§≈≈≈≈≈§≈..
,,*,*,*,*,,,,#°○S○b○≈○≈§≈≈≈≈≈§≈§.
,,*,*,*,*,,,,#○○@≈b○§§≈§≈§≈≈≈§...
,,,,*,*,,,,,,#○≈≈≈○°°§≈§§≈§≈≈....
*****+*******#°§§°≈≈§≈§≈≈≈≈≈§≈...
,,,.....,,..§§§≈§○≈§≈§≈≈≈≈≈≈.....
~~~≈≈§≈.§≈≈≈§≈§§°°≈≈≈≈≈≈≈≈≈≈§....
≈S≈≈§≈≈≈≈≈§≈§≈≈≈°°≈≈≈≈≈≈≈≈≈≈≈....
≈≈§≈≈≈≈≈≈≈§≈§≈§○○≈≈≈≈≈≈≈≈§≈≈≈≈≈..
≈≈≈§§≈§≈≈≈≈§≈≈≈≈≈≈≈≈§≈≈≈§§§≈≈§...
≈≈≈§≈≈≈≈≈≈≈≈≈§§≈≈≈≈≈§≈≈§§≈§§≈....


You could see 2 fire bats and 2 lava snakes.

Vanquished Creatures
  A hydra (Lair:2)
  Erica (Lair:1)
  A death yak (D:8)
  A cyclops (D:9)
  2 cane toads (Lair:1)
  Psyche (D:8)
  3 komodo dragons
  A hornet (D:9)
  2 wraiths (D:10)
  A vampire (D:10)
  A steam dragon (D:10)
  26 yaks
  Grum (D:8)
  2 water moccasins
  An acid dragon (Lair:1)
  2 ice beasts
  A black bear (D:4)
  2 orc warriors
  An ogre (D:7)
  11 wolves
  3 centaurs
  A phantom (D:6)
  3 kobold brigands
  3 scorpions
  4 wights (D:6)
  8 howler monkeys
  A lava snake (Volcano)
  4 jellies
  2 hounds
  7 orc priests
  3 gnoll boudas
  A sleepcap (D:6)
  5 orc wizards
  13 gnolls
  4 adders
  A river rat (D:8)
  2 shadow imps (D:7)
  3 white imps
  A worm (D:2)
  23 orcs
  6 bats
  8 endoplasms
  A giant cockroach (D:2)
  3 goblins
  5 hobgoblins
  2 jackals (D:2)
  3 quokkas
  6 ball pythons
  3 frilled lizards
  15 kobolds
  3 rats
209 creatures vanquished.

Vanquished Creatures (collateral kills)
  A catoblepas (Lair:1)
  A cane toad (Lair:1)
  An orange demon (D:10)
  A komodo dragon (Lair:1)
  5 yaks
  A basilisk (Lair:2)
  3 water moccasins (Lair:1)
  A black bear (Lair:1)
  3 wolves (Lair:1)
  A komodo dragon zombie (Lair:1)
  3 bullfrogs (Lair:1)
21 creatures vanquished.

Vanquished Creatures (others)
  A catoblepas zombie (Lair:1)
  3 cane toad zombies (Lair:1)
  A komodo dragon zombie (Lair:2)
  A water moccasin zombie (Lair:1)
  15 yak zombies
  A howler monkey (D:8)
  4 wolf zombies
  A bullfrog zombie (Lair:1)
  A black bear zombie (Lair:1)
  An orc wizard (D:10)
  3 gnoll zombies
  2 orc zombies (D:10)
  A quokka zombie (D:10)
35 creatures vanquished.

Grand Total: 265 creatures vanquished

Notes
Turn   | Place    | Note
-------+----------+-------------------------------------------
     0 | D:1      | redmage the Octopode Earth Elementalist began the quest for
                  | the Orb.
     0 | D:1      | Reached XP level 1. HP: 11/11 MP: 3/3
   135 | D:1      | Found Ceycept's Vocational Training.
   276 | D:1      | Reached XP level 2. HP: 17/17 MP: 1/5
  1070 | D:2      | Learned a level 2 spell: Passwall
  1079 | D:2      | Found a basalt altar of Yredelemnul.
  1088 | D:2      | Reached XP level 3. HP: 21/21 MP: 4/7
  1341 | D:2      | Learned a level 3 spell: Stone Arrow
  1888 | D:3      | Found a glowing golden altar of the Shining One.
  1911 | D:3      | Found a sacrificial altar of Ru.
  1960 | D:3      | Reached XP level 4. HP: 27/27 MP: 4/8
  2009 | D:3      | Identified the +7 sling "Bezec" {freeze, rF+++ Str-5 Dex+5}
  2034 | D:3      | Reached skill level 3 in Spellcasting
  2515 | D:4      | Noticed a black bear
  2581 | D:4      | Noticed a black bear
  2592 | D:4      | Noticed a scorpion
  2699 | D:4      | Reached skill level 1 in Short Blades
  2751 | D:4      | Reached skill level 1 in Conjurations
  2751 | D:4      | Reached XP level 5. HP: 24/31 MP: 6/9
  2822 | D:4      | Learned a level 4 spell: Petrify
  2977 | D:4      | Killed a black bear
  2978 | D:4      | Reached XP level 6. HP: 36/36 MP: 6/11
  3494 | D:5      | Entered Level 5 of the Dungeon
  3659 | D:5      | Noticed an ice beast
  3670 | D:5      | Killed an ice beast
  3671 | D:5      | Reached skill level 4 in Spellcasting
  3671 | D:5      | Reached XP level 7. HP: 41/41 MP: 4/13
  3766 | D:5      | Found Xyph's Antique Armour Shop.
  4229 | D:5      | Reached skill level 5 in Earth Magic
  4237 | D:5      | Found a staircase to the Ecumenical Temple.
  4246 | Temple   | Entered the Ecumenical Temple
  4282 | D:5      | Found a hide-covered altar of Uskayaw.
  4782 | D:6      | Found a runed translucent door.
  4784 | D:6      | Noticed superbruh's ghost (novice MfSh)
  4823 | D:6      | Found a runed translucent door.
  4877 | D:6      | Found a white marble altar of Elyvilon.
  4893 | D:6      | Found an ancient bone altar of Kikubaaqudgha.
  4898 | D:6      | Became a worshipper of Kikubaaqudgha
  5175 | D:6      | Reached XP level 8. HP: 46/46 MP: 10/14
  5702 | D:7      | Reached skill level 5 in Spellcasting
  6023 | D:7      | Reached skill level 1 in Necromancy
  6155 | D:7      | Reached skill level 6 in Spellcasting
  6155 | D:7      | Reached XP level 9. HP: 51/51 MP: 9/18
  6246 | D:7      | Found Gotifuox's Book Shoppe.
  6255 | D:7      | Bought a book of Party Tricks for 264 gold pieces
  6259 | D:7      | Learned a level 1 spell: Apportation
  6422 | D:8      | Noticed a death yak
  6490 | D:8      | Noticed Grum
  6493 | D:8      | HP: 2/51 [wolf[Grum] (11)]
  6611 | D:8      | Reached skill level 1 in Translocations
  6771 | D:7      | Reached * piety under Kikubaaqudgha
  6771 | D:7      | Received a gift from Kikubaaqudgha
  6785 | D:7      | Learned a level 4 spell: Animate Dead
  7038 | D:8      | Noticed a death yak
  7119 | D:8      | Found a staircase to the Lair.
  7432 | D:8      | Noticed Psyche
  7855 | D:9      | Reached skill level 7 in Spellcasting
  7859 | D:9      | Reached XP level 10. HP: 32/56 MP: 1/20
  8024 | D:9      | Reached skill level 5 in Necromancy
  8150 | D:9      | Noticed a cyclops
  8324 | D:9      | Reached ** piety under Kikubaaqudgha
  8325 | D:9      | Reached skill level 8 in Spellcasting
  8539 | D:9      | Killed a cyclops
  9277 | D:10     | Entered Level 10 of the Dungeon
  9286 | D:10     | Found Zucuruk's General Store.
  9362 | D:10     | Reached skill level 9 in Spellcasting
  9472 | D:10     | Noticed an orange demon
  9618 | D:10     | Reached XP level 11. HP: 40/61 MP: 8/24
  9763 | D:10     | Noticed Amaemon
  9841 | D:10     | Found a staircase to the Orcish Mines.
  9843 | D:10     | Noticed an obsidian statue
  9850 | D:10     | Identified the staff of True Grit {rElec rN+ MP+9 Str+3
                  | Dex+3 Necro}
 10056 | D:10     | Bought a potion of haste for 130 gold pieces
 10056 | D:10     | Bought a potion of mutation for 104 gold pieces
 10056 | D:10     | Bought a scroll of teleportation for 39 gold pieces
 10070 | D:10     | Got an ancient book
 10440 | D:11     | Noticed a cyclops
 10471 | Orc:1    | Entered Level 1 of the Orcish Mines
 10684 | D:8      | Noticed a death yak
 10797 | D:8      | Killed Grum
 10833 | D:8      | Killed a death yak
 11104 | D:8      | Killed Psyche
 11135 | D:8      | Your ally Grum died
 11185 | Lair:1   | Entered Level 1 of the Lair of Beasts
 11197 | Lair:1   | Reached skill level 10 in Spellcasting
 11329 | Lair:1   | Noticed Sonja
 11330 | Lair:1   | Sonja changed into Sonja the acid dragon
 11330 | Lair:1   | Noticed Sonja
 11333 | Lair:1   | Killed Sonja the acid dragon
 11674 | Lair:1   | Noticed a catoblepas
 11681 | Lair:1   | Killed a catoblepas
 11682 | Lair:1   | Reached skill level 10 in Necromancy
 11690 | Lair:1   | Reached skill level 11 in Spellcasting
 11840 | Lair:1   | Noticed Erica
 12020 | Lair:1   | Killed Erica
 12021 | Lair:1   | Reached XP level 12. HP: 41/66 MP: 23/27
 12459 | Lair:2   | Noticed a four-headed hydra
 12498 | Lair:2   | Killed a four-headed hydra
 12523 | Lair:2   | Learned a level 5 spell: Freezing Cloud
 12687 | Lair:2   | Reached skill level 1 in Ice Magic
 12687 | Lair:2   | Reached skill level 1 in Air Magic
 12712 | Lair:2   | Reached *** piety under Kikubaaqudgha
 12712 | Lair:2   | Received a gift from Kikubaaqudgha
 12739 | Lair:2   | Learned a level 6 spell: Death Channel
 12835 | Lair:2   | Found a dark tunnel.
 12843 | Volcano  | Entered a volcano
 12932 | Volcano  | Killed from afar by a lava snake

Illustrated notes

Levels and vault maps discovered:
D:1:      minmay_arrival_shattered_statue, layout_basic, serial_curves,
          eino_curves_02, eino_curves_02, nicolae_shop_vocational
D:2:      layout_basic, basic_altar
D:3:      layout_basic, nicolae_ru_sacrificial_ziggurat, old_standard_altar
D:4:      layout_loops_ring
D:5:      layout_loops_cross, nicolae_uskayaw_murder_on_the_dancefloor,
          temple_statues, serial_shops, shop
D:6:      layout_basic, mainiacjoe_overflow_big_doors, ebering_ghost_sewer_f
D:7:      layout_basic, serial_shops, shop
D:8:      layout_basic, dpeg_lair_monsters, uniq_grum, uniq_psyche
D:9:      layout_roguey, serial_curves, eino_curves_03, eino_curves_04
D:10:     layout_loops_ring, orc_0_dummy, serial_shops, nicolae_shop_stone,
          hangedman_abyss_or_decor_stagger, minivault_15,
          kb_lookout_dungeons_type, uniq_amaemon
D:11:     layout_loops_ring, serial_shops, nicolae_diamond_shop
Temple:   bh_familiar_temple
Lair:1:   layout_loops_ring, chequers_serial_rivers_micro_a, uniq_erica,
          uniq_sonja
Lair:2:   layout_cave_pods, minmay_shoals_entry_hut,
          lightli_volcano_entry_magma_tube
Orc:1:    layout_caves, serial_shops, nicolae_shop_getting_attention
Volcano:  volcano_lake [vl_original]

Skill      XL: |  1  2  3  4  5  6  7  8  9 10 11 12 |
---------------+-------------------------------------+-----
Stealth        | 3 4 |  4.0
Spellcasting   | 3 4 6 7 9 11 | 11.4
Short Blades   | 1 2 |  2.0
Conjurations   | 1 2 3 4 |  4.0
Earth Magic    | 4 5 6 7 8 |  8.0
Transmutations | 2 3 4 |  4.0
Necromancy     | 1 4 7 10 | 10.7
Translocations | 3 4 |  4.0
Ice Magic      | 1 |  1.9
Air Magic      | 1 |  1.9
Dodging        | |  2.0

Action                     |  1- 3 |  4- 6 |  7- 9 | 10-12 || total
---------------------------+-------+-------+-------+-------++-------
  Melee: Tentacles         |     6 |     6 |    44 |    45 ||   101
         Unarmed           |     1 |       |     1 |       ||     2
         Dagger            |    19 |    25 |   141 |   136 ||   321
         Constrict         |     4 |     4 |    30 |    10 ||    48
         Punch             |       |       |     3 |     4 ||     7
  Throw: Boomerang         |       |       |     2 |     7 ||     9
         Dart              |       |       |       |     2 ||     2
   Cast: Sandblast         |    32 |    31 |    44 |    31 ||   138
         Passwall          |     2 |       |    10 |    12 ||    24
         Petrify           |       |     5 |    31 |    50 ||    86
         Stone Arrow       |       |     1 |    16 |    69 ||    86
         Animate Dead      |       |       |     1 |    13 ||    14
         Apportation       |       |       |       |     8 ||     8
 Invoke: Unearth Wretches  |       |       |       |     1 ||     1
  Evoke: Wand              |       |       |     5 |     4 ||     9
    Use: Scroll            |       |     9 |     5 |     8 ||    22
         Potion            |       |       |       |     4 ||     4
   Stab: Sleeping          |     7 |     4 |     8 |     4 ||    23
         Petrified         |       |     7 |    48 |    67 ||   122
         Petrifying        |       |       |     2 |     5 ||     7
         Paralysed         |       |       |       |     1 ||     1
 Armour: Skin              |     9 |    10 |    81 |    95 ||   195
  Dodge: Dodged            |    10 |    13 |    78 |    66 ||   167

Table legend: (Time is in decaauts)
 A = Elapsed time spent in this place.
 B = Non-inter-level travel time spent in this place.
 C = Inter-level travel time spent in this place.
 D = Time resting spent in this place.
 E = Time spent auto-exploring this place.
 F = Levels seen in this place.
 G = Mean time per level.
                   A        B        C        D        E       F      G
               +--------+--------+--------+--------+--------+-----+--------+
         Total |  12992 |  12086 |    906 |   1061 |   7451 |  16 |  812.0 |
       Dungeon |  11228 |  10334 |    894 |    986 |   6455 |  11 | 1020.7 |
        Temple |      1 |      1 |      0 |      0 |      0 |   1 |    1.0 |
          Lair |   1671 |   1659 |     12 |     75 |    995 |   2 |  835.5 |
  Orcish Mines |      2 |      2 |      0 |      0 |      0 |   1 |    2.0 |
       Volcano |     88 |     88 |      0 |      0 |      0 |   1 |   88.0 |
               +--------+--------+--------+--------+--------+-----+--------+

Top non-repeatable levels by time:
     D:9: 1897 daAuts
     D:8: 1529 daAuts
  Lair:1: 1287 daAuts
     D:6: 1137 daAuts
    D:10: 1136 daAuts
     D:2: 1023 daAuts
     D:5: 995 daAuts
     D:4: 978 daAuts
     D:7: 965 daAuts
     D:1: 851 daAuts
     D:3: 711 daAuts
  Lair:2: 384 daAuts
 Volcano: 88 daAuts
   Orc:1: 2 daAuts
  Temple: 1 daAuts
